AoeStats
← Flyingexcavator

Arena

509664819Analyzed
2v2 RM · 4d ago on Sep 27, 2026· 42m 1s· 4 players
Game mode
Random Map
Map size
Medium (4 player)
Population
200
Speed
Normal
Resources
Standard
Victory
Conquest
Starting age
Dark Age
Ending age
Imperial Age
RankedLock teamsTeams togetherTeam positionsShared explorationLock speedFull tech treeHidden civsTurbo modeCheats
Victory
Defeat
🇧🇬 Franks · Bulgaria
903
+15
🇫🇷 Lithuanians · France
847
+17
🇨🇭 Japanese · Switzerland
907
-17
🇨🇭 Franks · Switzerland
856
-15
Flyingexcavator
11:59 Feudal Age
12:43 Double-Bit Axe
12:40 Horse Collar
16:02 Castle Age
17:12 Squires
17:00 Gambesons
20:08 Wheelbarrow
19:19 Town Watch
22:35 Thumb Ring
22:22 Fletching
23:28 Bodkin Arrow
28:03 Bow Saw
32:17 Forging
32:08 Scale Mail Armor
34:13 Hand Cart
34:58 Iron Casting
34:46 Chain Mail Armor
35:24 Loom
39:11 Imperial Age
40:51 Heavy Cavalry Archer
zwirbelmüüs
10:57 Feudal Age
11:49 Double-Bit Axe
14:46 Loom
23:42 Castle Age
21:44 Arson
23:21 Forging
25:49 Gold Mining
26:25 Squires
26:12 Pikeman
27:51 Husbandry
35:36 Iron Casting
35:07 Scale Barding Armor
44:41 Imperial Age
Pouet
11:51 Feudal Age
17:44 Castle Age
15:48 Double-Bit Axe
16:47 Forging
19:41 Fervor
24:45 Fletching
29:50 Imperial Age
27:55 Stone Mining
29:24 Elite Skirmisher
30:33 Thumb Ring
31:16 Scale Barding Armor
33:34 Iron Casting
33:22 Chain Barding Armor
35:01 Wheelbarrow
35:17 Conscription
36:45 Chemistry
37:21 Plate Barding Armor
38:53 Iron Casting
38:34 Elite Leitis
40:13 Bow Saw
41:16 Ballistics
41:27 Bodkin Arrow
42:25 Tower Shields
nordland11
0:57 Loom
12:13 Feudal Age
15:02 Double-Bit Axe
18:46 Castle Age
19:00 Gold Mining
19:23 Scale Mail Armor
19:34 Forging
20:14 Pikeman
27:43 Bow Saw
33:14 Imperial Age
33:38 Gold Shaft Mining
33:05 Padded Archer Armor
34:33 Conscription
34:16 Fletching
34:55 Squires
37:36 Wheelbarrow
Connection lost

Rejoining the realm…

Still unreachable

The connection could not be restored.

Session expired

The server has moved on; the page needs a fresh start.